RL
NORFOLK CAPTAINS @ ATLANTIC CITY GAMBLERS
08/23/2059
 
TOP OF THE 1ST
Norfolk Captains batting - Pitching for Atlantic City Gamblers : LHP Lee Austin
Pitching: LHP Lee Austin
Batting: RHB Nick Edwards 0-0: Ball
1-0: Ball
2-0: Ball
3-0: Base on Balls
Batting: RHB Tucker Melichar 0-0: Called Strike
0-1: Ball
1-1: Called Strike
Nick Edwards steals 2nd base
1-2: Strikes out swinging
Batting: RHB Nolan Posner 0-0: Called Strike
0-1: Foul Ball, location: 2F
0-2: Ball
1-2: Foul Ball, location: 2F
1-2: Ball
2-2: Ball
3-2: Base on Balls
Batting: LHB Casey Courtney 0-0: Ball
1-0: Reached on error, E6 (Groundball, 6D, EV 99.4 MPH)
Nick Edwards to third
Nolan Posner to second
Batting: RHB Harrison Norwood 0-0: Foul Ball, location: 2F
0-1: Swinging Strike
0-2: Strikes out swinging
Batting: RHB Johnathon Beadles 0-0: Called Strike
0-1: Ball
1-1: Foul Ball, location: 2F
1-2: Ball
2-2: SINGLE (Groundball, 4MD, EV 103.8 MPH)
Nick Edwards scores
Nolan Posner to third
Casey Courtney to second
Runner from 3rd tries for Home, SAFE, throw by CF to home
Batting: RHB Malcolm Methvin 0-0: Called Strike
0-1: Swinging Strike
0-2: Hit by Pitch
Casey Courtney to third
Johnathon Beadles to second
Batting: RHB Kyle Lanier 0-0: Ball
1-0: Ball
2-0: Fly out, F8 (Flyball, 8LM, EV 95.6 MPH)
Top of the 1st over - 2 runs, 1 hit, 1 error, 3 left on base; Norfolk 2 - Atlantic City 0
BOTTOM OF THE 1ST
Atlantic City Gamblers batting - Pitching for Norfolk Captains : RHP Brendan Snyder
Pitching: RHP Brendan Snyder
Batting: RHB Dennis Dahl 0-0: Fly out, F9 (Line Drive, 9, EV 94.4 MPH)
Batting: RHB Chase Kaback 0-0: Ball
1-0: Ground out 6-3 (Groundball, 6MS, EV 85.6 MPH)
Batting: LHB Robert Wenstrom 0-0: Ball
1-0: Foul Ball, location: 2F
1-1: Swinging Strike
1-2: Strikes out looking
Bottom of the 1st over - 0 runs, 0 hits, 0 errors, 0 left on base; Norfolk 2 - Atlantic City 0
TOP OF THE 2ND
Norfolk Captains batting - Pitching for Atlantic City Gamblers : LHP Lee Austin
Batting: RHB Logan Bouland 0-0: Foul Ball, location: 2F
0-1: Fly out, F7 (Flyball, 78D, EV 88.1 MPH)
Batting: RHB Nick Edwards 0-0: Fly out, F8 (Line Drive, 89S, EV 88.8 MPH)
Batting: RHB Tucker Melichar 0-0: Ball
1-0: Foul Ball, location: 2F
1-1: Foul Ball, location: 2F
1-2: Strikes out looking
Top of the 2nd over - 0 runs, 0 hits, 0 errors, 0 left on base; Norfolk 2 - Atlantic City 0
BOTTOM OF THE 2ND
Atlantic City Gamblers batting - Pitching for Norfolk Captains : RHP Brendan Snyder
Batting: RHB Manny Bowman 0-0: Foul Ball, location: 2F
0-1: Swinging Strike
0-2: Ball
1-2: Foul Ball, location: 2F
1-2: Foul Ball, location: 2F
1-2: Fly out, F8 (Flyball, 8RS, EV 76.9 MPH)
Batting: LHB Damien Booth 0-0: Ball
1-0: Swinging Strike
1-1: Ball
2-1: Ball
3-1: Swinging Strike
3-2: Foul Ball, location: 2F
3-2: Strikes out swinging
Batting: LHB Dimitri Shaukat 0-0: Ball
1-0: SINGLE (Groundball, 6M, EV 97.5 MPH)
Batting: RHB Felix Guzman 0-0: Ball
1-0: Called Strike
Dimitri Shaukat steals 2nd base
1-1: Ground out 6-3 (Groundball, 6, EV 95.0 MPH)
Bottom of the 2nd over - 0 runs, 1 hit, 0 errors, 1 left on base; Norfolk 2 - Atlantic City 0
TOP OF THE 3RD
Norfolk Captains batting - Pitching for Atlantic City Gamblers : LHP Lee Austin
Batting: RHB Nolan Posner 0-0: Foul Ball, location: 2F
0-1: Ball
1-1: Ground out 5-3 (Groundball, 56S, EV 83.8 MPH)
Batting: LHB Casey Courtney 0-0: Ball
1-0: Ground out 4-3 (Groundball, 4, EV 82.5 MPH)
Batting: RHB Harrison Norwood 0-0: Ball
1-0: Foul Ball, location: 2F
1-1: Fly out, F8 (Flyball, 89M, EV 90.6 MPH)
Top of the 3rd over - 0 runs, 0 hits, 0 errors, 0 left on base; Norfolk 2 - Atlantic City 0
BOTTOM OF THE 3RD
Atlantic City Gamblers batting - Pitching for Norfolk Captains : RHP Brendan Snyder
Batting: RHB Cody Langer 0-0: Called Strike
0-1: Ball
1-1: Swinging Strike
1-2: Strikes out swinging
Batting: RHB Seth Williams 0-0: Called Strike
0-1: Ball
1-1: Foul Ball, location: 2F
1-2: Ball
2-2: Strikes out swinging
Batting: RHB Dennis Dahl 0-0: Ball
1-0: Ground out 6-3 (Groundball, 6, EV 84.4 MPH)
Bottom of the 3rd over - 0 runs, 0 hits, 0 errors, 0 left on base; Norfolk 2 - Atlantic City 0
TOP OF THE 4TH
Norfolk Captains batting - Pitching for Atlantic City Gamblers : LHP Lee Austin
Batting: RHB Johnathon Beadles 0-0: Called Strike
0-1: Foul Ball, location: 2F
0-2: Reached on error, E6 (Groundball, 6, EV 93.1 MPH)
Batting: RHB Malcolm Methvin 0-0: Grounds into double play, 6-4-3 (Groundball, 6, EV 101.2 MPH)
Batting: RHB Kyle Lanier 0-0: Foul Ball, location: 2F
0-1: Fly out, F2 (Popup, 13S, EV 84.4 MPH)
Top of the 4th over - 0 runs, 0 hits, 1 error, 0 left on base; Norfolk 2 - Atlantic City 0
BOTTOM OF THE 4TH
Atlantic City Gamblers batting - Pitching for Norfolk Captains : RHP Brendan Snyder
Batting: RHB Chase Kaback 0-0: Ball
1-0: Ground out U3 (Groundball, 34, EV 90.0 MPH)
Batting: LHB Robert Wenstrom 0-0: Called Strike
0-1: Fly out, F7 (Line Drive, 78M, EV 109.4 MPH)
Batting: RHB Manny Bowman 0-0: Ball
1-0: Called Strike
1-1: SINGLE (Groundball, 56D, EV 95.0 MPH)
Batting: LHB Damien Booth 0-0: Called Strike
0-1: Ball
Manny Bowman steals 2nd base
1-1: Swinging Strike
1-2: Foul Ball, location: 2F
1-2: Strikes out swinging
Bottom of the 4th over - 0 runs, 1 hit, 0 errors, 1 left on base; Norfolk 2 - Atlantic City 0
TOP OF THE 5TH
Norfolk Captains batting - Pitching for Atlantic City Gamblers : LHP Lee Austin
Batting: RHB Logan Bouland 0-0: Ball
1-0: Swinging Strike
1-1: Swinging Strike
1-2: Foul Ball, location: 2F
1-2: Ball
2-2: Ball
3-2: Foul Ball, location: 2F
3-2: Strikes out swinging
Batting: RHB Nick Edwards 0-0: Ball
1-0: TRIPLE (Flyball, 78XD, EV 108.1 MPH)
Batting: RHB Tucker Melichar 0-0: Ball
Steal of home, Nick Edwards is safe
1-0: Called Strike
1-1: Ball
2-1: Ball
3-1: Base on Balls
Batting: RHB Nolan Posner 0-0: Ball
1-0: Called Strike
1-1: Ball
2-1: Ball
3-1: Base on Balls
Tucker Melichar to second
Batting: LHB Casey Courtney 0-0: Ball
1-0: Ball
2-0: Ball
3-0: Called Strike
3-1: Called Strike
3-2: Foul Ball, location: 2F
3-2: 3-RUN HOME RUN (Flyball, 9D, EV 96.9 MPH), Distance : 377 ft
Pitching: RHP Garett Vaughn
Batting: RHB Harrison Norwood 0-0: Swinging Strike
0-1: Ball
1-1: Swinging Strike
1-2: Foul Ball, location: 2F
1-2: Strikes out swinging
Batting: RHB Johnathon Beadles 0-0: Ball
1-0: Swinging Strike
1-1: Ground out 6-3 (Groundball, 56, EV 103.8 MPH)
Top of the 5th over - 4 runs, 2 hits, 0 errors, 0 left on base; Norfolk 6 - Atlantic City 0
BOTTOM OF THE 5TH
Atlantic City Gamblers batting - Pitching for Norfolk Captains : RHP Brendan Snyder
Batting: LHB Dimitri Shaukat 0-0: Ball
1-0: Called Strike
1-1: Foul Ball, location: 2F
1-2: Strikes out swinging
Pitching: RHP Reilly Koskei
Batting: RHB Felix Guzman 0-0: Foul Ball, location: 2F
0-1: Ball
1-1: Swinging Strike
1-2: SINGLE (Line Drive, 7LS, EV 106.2 MPH)
Batting: RHB Cody Langer 0-0: Called Strike
Felix Guzman steals 2nd base (no throw)
0-1: Foul Ball, location: 2F
0-2: Ball
1-2: Fly out, F8 (Flyball, 8LM, EV 86.2 MPH)
Batting: RHB Seth Williams 0-0: Fly out, F7 (Flyball, 78M, EV 73.1 MPH)
Bottom of the 5th over - 0 runs, 1 hit, 0 errors, 1 left on base; Norfolk 6 - Atlantic City 0
TOP OF THE 6TH
Norfolk Captains batting - Pitching for Atlantic City Gamblers : RHP Garett Vaughn
Batting: RHB Malcolm Methvin 0-0: Ball
1-0: Foul Ball, location: 2F
1-1: Called Strike
1-2: Foul Ball, location: 2F
1-2: Foul Ball, location: 2F
1-2: Foul Ball, location: 2F
1-2: Ball
2-2: Foul Ball, location: 2F
2-2: SOLO HOME RUN (Flyball, 78XD, EV 101.9 MPH), Distance : 420 ft
Batting: RHB Kyle Lanier 0-0: Ball
1-0: Called Strike
1-1: Ball
2-1: Ball
3-1: Base on Balls
Batting: RHB Logan Bouland 0-0: Called Strike
0-1: Foul Ball, location: 2F
0-2: Ball
1-2: Foul Ball, location: 2F
1-2: Foul Ball, location: 2F
1-2: Strikes out swinging
Batting: RHB Nick Edwards 0-0: Called Strike
0-1: Ball
1-1: Foul Ball, location: 2F
1-2: Strikes out swinging
Batting: RHB Tucker Melichar 0-0: Foul Ball, location: 2F
0-1: Ball
1-1: Called Strike
1-2: Ball
Wild Pitch!
Kyle Lanier to second
2-2: Strikes out swinging
Top of the 6th over - 1 run, 1 hit, 0 errors, 1 left on base; Norfolk 7 - Atlantic City 0
BOTTOM OF THE 6TH
Atlantic City Gamblers batting - Pitching for Norfolk Captains : RHP Reilly Koskei
Batting: RHB Dennis Dahl 0-0: SINGLE (Groundball, 6MD, EV 100.6 MPH)
Batting: RHB Chase Kaback 0-0: Called Strike
0-1: SINGLE (Line Drive, 78S, EV 103.8 MPH)
Dennis Dahl to second
Batting: LHB Robert Wenstrom 0-0: 3-RUN HOME RUN (Line Drive, 7LD, EV 95.0 MPH), Distance : 354 ft
Pitching: RHP Furman Ngunda
Batting: RHB Manny Bowman 0-0: Ball
1-0: Called Strike
1-1: Called Strike
1-2: Strikes out swinging
Batting: LHB Damien Booth 0-0: Ball
1-0: Foul Ball, location: 2F
1-1: Ball
2-1: SOLO HOME RUN (Flyball, 78XD, EV 113.8 MPH), Distance : 416 ft
Batting: LHB Dimitri Shaukat 0-0: Called Strike
0-1: Foul Ball, location: 2F
0-2: Hit by Pitch
Batting: RHB Felix Guzman 0-0: Ball
1-0: Called Strike
1-1: Foul Ball, location: 2F
1-2: Fly out, F8 (Flyball, 8LS, EV 82.5 MPH)
Batting: RHB Cody Langer 0-0: Called Strike
0-1: Foul Ball, location: 2F
0-2: Ball
1-2: Ball
2-2: Foul Ball, location: 2F
2-2: Ball
3-2: Foul Ball, location: 2F
3-2: Foul Ball, location: 2F
3-2: Foul Ball, location: 2F
3-2: Fly out, F5 (Line Drive, 5, EV 66.9 MPH)
Bottom of the 6th over - 4 runs, 4 hits, 0 errors, 1 left on base; Norfolk 7 - Atlantic City 4
TOP OF THE 7TH
Norfolk Captains batting - Pitching for Atlantic City Gamblers : RHP Garett Vaughn
Batting: RHB Nolan Posner 0-0: Foul Ball, location: 2F
0-1: Foul Ball, location: 2F
0-2: Ball
1-2: Ball
2-2: Strikes out looking
Batting: LHB Casey Courtney 0-0: Ball
1-0: Called Strike
1-1: Ground out 6-3 (Groundball, 6S, EV 71.2 MPH)
Batting: RHB Harrison Norwood 0-0: Called Strike
0-1: Ball
1-1: Fly out, F9 (Flyball, 9D, EV 78.1 MPH)
Top of the 7th over - 0 runs, 0 hits, 0 errors, 0 left on base; Norfolk 7 - Atlantic City 4
BOTTOM OF THE 7TH
Atlantic City Gamblers batting - Pitching for Norfolk Captains : RHP Furman Ngunda
Batting: RHB Seth Williams 0-0: Ball
1-0: Called Strike
1-1: Foul Ball, location: 2F
1-2: Ball
2-2: Ground out 6-3 (Groundball, 56, EV 88.1 MPH)
Batting: RHB Dennis Dahl 0-0: Foul Ball, location: 2F
0-1: Ball
1-1: Swinging Strike
1-2: Ball
2-2: Strikes out swinging
Pitching: RHP LaBradford Rousseau
Batting: RHB Chase Kaback 0-0: Called Strike
0-1: Ball
1-1: Ball
2-1: Ball
3-1: Base on Balls
Batting: LHB Robert Wenstrom 0-0: Ball
Chase Kaback is caught stealing 2nd base 2-6
Bottom of the 7th over - 0 runs, 0 hits, 0 errors, 0 left on base; Norfolk 7 - Atlantic City 4
TOP OF THE 8TH
Norfolk Captains batting - Pitching for Atlantic City Gamblers : RHP Garett Vaughn
Pitching: RHP Colton Martin
Batting: RHB Johnathon Beadles 0-0: Ball
1-0: Swinging Strike
1-1: Foul Ball, location: 2F
1-2: Strikes out swinging
Batting: RHB Malcolm Methvin 0-0: Called Strike
0-1: Called Strike
0-2: Ball
1-2: Foul Ball, location: 2F
1-2: Ball
2-2: Fly out, F3 (Popup, 23F, EV 79.4 MPH)
Batting: RHB Kyle Lanier 0-0: Ball
1-0: Ball
2-0: Fly out, F7 (Flyball, 7D, EV 85.6 MPH)
Top of the 8th over - 0 runs, 0 hits, 0 errors, 0 left on base; Norfolk 7 - Atlantic City 4
BOTTOM OF THE 8TH
Atlantic City Gamblers batting - Pitching for Norfolk Captains : RHP LaBradford Rousseau
Batting: LHB Robert Wenstrom 0-0: Called Strike
0-1: Ball
1-1: Ball
2-1: SOLO HOME RUN (Flyball, 7D, EV 99.4 MPH), Distance : 391 ft
Batting: RHB Manny Bowman 0-0: SINGLE (Flyball, 34D, EV 93.8 MPH)
Batting: LHB Damien Booth 0-0: Called Strike
0-1: Foul Ball, location: 2F
0-2: Foul Ball, location: 2F
0-2: Ball
1-2: Ball
2-2: Foul Ball, location: 2F
2-2: Ball
3-2: Foul Ball, location: 2F
3-2: Strikes out looking
Batting: LHB Dimitri Shaukat 0-0: Ball
1-0: Ball
2-0: Called Strike
2-1: Swinging Strike
2-2: Strikes out swinging
Batting: RHB Felix Guzman 0-0: Foul Ball, location: 2F
0-1: Called Strike
0-2: Ball
1-2: Fly out, F8 (Flyball, 8RD, EV 86.9 MPH)
Bottom of the 8th over - 1 run, 2 hits, 0 errors, 1 left on base; Norfolk 7 - Atlantic City 5
TOP OF THE 9TH
Norfolk Captains batting - Pitching for Atlantic City Gamblers : RHP Colton Martin
Batting: RHB Logan Bouland 0-0: Called Strike
0-1: Ground out U3 (Groundball, 34S, EV 83.1 MPH)
Batting: RHB Nick Edwards 0-0: Called Strike
0-1: Swinging Strike
0-2: Ball
1-2: Strikes out looking
Batting: RHB Tucker Melichar 0-0: Called Strike
0-1: Ball
1-1: Foul Ball, location: 2F
1-2: Strikes out swinging
Top of the 9th over - 0 runs, 0 hits, 0 errors, 0 left on base; Norfolk 7 - Atlantic City 5
BOTTOM OF THE 9TH
Atlantic City Gamblers batting - Pitching for Norfolk Captains : RHP LaBradford Rousseau
Pitching: LHP Keenan Scranton
Now at 1B: Dave Gatewood
Now in LF: Taylor Maciejewski
Batting: RHB Cody Langer 0-0: Ball
1-0: Ball
2-0: Foul Ball, location: 2F
2-1: Ball
3-1: Base on Balls
Pinch Hitting: RHB Roosevelt James 0-0: Ball
1-0: Ball
2-0: Swinging Strike
2-1: Called Strike
2-2: Ball
3-2: TRIPLE (Flyball, 7D, EV 104.4 MPH)
Cody Langer scores
Batting: RHB Dennis Dahl 0-0: Ball
1-0: Ball
Wild Pitch!
Roosevelt James scores
2-0: Called Strike
2-1: Foul Ball, location: 2F
2-2: SINGLE (Groundball, 34D, EV 103.1 MPH)
Batting: RHB Chase Kaback 0-0: Bunted foul
0-1: Bunted foul
0-2: DOUBLE (Line Drive, 7LM, EV 103.1 MPH)
Dennis Dahl to third
Batting: LHB Robert Wenstrom 0-0: Intentional Walk
Batting: RHB Manny Bowman 0-0: Called Strike
0-1: Foul Ball, location: 2F
0-2: Foul Ball, location: 2F
0-2: Ball
1-2: Ball
2-2: Ball
3-2: Foul Ball, location: 2F
3-2: Base on Balls
Dennis Dahl scores
Chase Kaback to third
Robert Wenstrom to second
Bottom of the 9th over - 3 runs, 3 hits, 0 errors, 3 left on base; Norfolk 7 - Atlantic City 8
Monday, March 25th , 2024 - OOTP Baseball 23.10 Build 110